 Dungeon Crawl Stone Soup version 0.30-a0-12-gd8047c6341 (webtiles) character file.

Game seed: 5601368358961293462

17604 inmateoo the Cleaver (level 12, -2/106 HPs)
             Began as a Minotaur Fighter on Aug 23, 2022.
             Was a High Priest of Okawaru.
             Slain by a titanic slime creature (83 damage)
             ... on level 13 of the Dungeon.
             The game lasted 00:10:40 (12541 turns).

inmateoo the Cleaver (Minotaur Fighter)            Turns: 12541, Time: 00:10:41

Health: -2/106     AC: 19    Str: 26    XL:     12   Next: 20%
Magic:  15/15      EV: 11    Int:  5    God:    Okawaru [*****.]
Gold:   670        SH: 10    Dex: 10    Spells: 11/11 levels left

rFire   . . .      SeeInvis +    a - +1 war axe (flame)
rCold   . . .      Faith    .    l - +0 kite shield
rNeg    + + .      Spirit   .    A - +6 scale mail "Afrab" {Fly rElec SInv Stlth-}
rPois   .          Reflect  .    (helmet restricted)
rElec   +          Harm     .    r - +0 cloak
rCorr   .          Rampage  .    E - +0 pair of gloves
Will    .....                    b - +0 pair of boots "Forget-Me-Not" {rN+ Str+4 Dex-4 Stlth+}
Stlth   ..........               (no amulet)
HPRegen 0.27/turn                m - +4 ring of slaying
MPRegen 0.14/turn                t - ring of positive energy

@: flying, studying Ranged Weapons
A: horns 2, retaliatory headbutt
a: Renounce Religion, Heroism, Finesse, Duel


You were on level 13 of the Dungeon.
You worshipped Okawaru.
Okawaru was extremely pleased with you.
You visited 2 branches of the dungeon, and saw 14 of its levels.
You also visited: Ossuary.

You collected 740 gold pieces.
You spent 70 gold pieces at shops.

Inventory:

Hand Weapons
 a - a +1 war axe of flaming (weapon)
 s - a +2 demon trident of venom
Missiles
 D - a throwing net (quivered)
Armour
 b - the +0 pair of boots "Forget-Me-Not" (worn) {rN+ Str+4 Dex-4 Stlth+}
   (You found it on level 5 of the Dungeon)

   Str:       It affects your strength (+4).
   Dex:       It affects your dexterity (-4).
   rN:        It protects you from negative energy.
   Stlth:     It makes you more stealthy.
 l - a +0 kite shield (worn)
 r - a +0 cloak (worn)
 A - the +6 scale mail "Afrab" (worn) {Fly rElec SInv Stlth-}
   (Okawaru gifted it to you on level 11 of the Dungeon)

   rElec:     It insulates you from electricity.
   SInv:      It lets you see invisible.
   Fly:       It grants you flight.
   Stlth:     It makes you less stealthy.
 E - a +0 pair of gloves (worn)
Jewellery
 m - a +4 ring of slaying (left hand)
 t - a ring of positive energy (right hand)
Wands
 q - a wand of flame (22)
 v - a wand of roots (18)
 F - a wand of light (3)
Scrolls
 g - 3 scrolls of enchant armour
 k - 2 scrolls of enchant weapon
 n - 3 scrolls of fog
 o - 3 scrolls of teleportation
 w - a scroll of brand weapon
 y - a scroll of vulnerability
 z - a scroll of fear
 C - a scroll of blinking
Potions
 c - 6 potions of brilliance
 d - 5 potions of might
 e - 2 potions of mutation
 f - 4 potions of heal wounds
 h - 3 potions of berserk rage
 i - a potion of resistance
 j - 4 potions of flight
 p - 6 potions of curing
 u - 3 potions of haste
 x - 3 potions of cancellation {unknown}
 B - 2 potions of lignification {unknown}


   Skills:
 + Level 10.1 Fighting
 * Level 13.3 Axes
 + Level 10.1 Armour
 + Level 8.5 Dodging
 + Level 10.0 Shields
 + Level 6.6 Invocations


You had 11 spell levels left.
You didn't know any spells.
Your spell library contained the following spells:

 Spells                   Type           Power      Damage    Failure   Level
 Beastly Appendage        Tmut           0%         N/A       93%         1
 Necrotise                Necr           0%         1d4       93%         1
 Wereblood                Tmut           0%         N/A       98%         2
 Conjure Flame            Conj/Fire      0%         6-21      100%        3
 Ignite Poison            Fire/Tmut/Pois 0%         N/A       100%        3
 Spider Form              Tmut/Pois      0%         N/A       100%        3
 Stone Arrow              Conj/Erth      0%         3d7       100%        3
 Vampiric Draining        Necr           0%         2d6       100%        3
 Hailstorm                Conj/Ice       0%         3d3       100%        4
 Ice Form                 Ice/Tmut       0%         N/A       100%        4
 Sticky Flame             Conj/Fire      0%         2d3       100%        4
 Agony                    Necr           0%         N/A       100%        5
 Lehudib's Crystal Spear  Conj/Erth      0%         10d2      100%        8
 Animate Armour           Summ/Erth      Unusable   N/A       N/A         4
 Summon Forest            Summ/Tloc      Unusable   N/A       N/A         5
 Summon Mana Viper        Hex/Summ       Unusable   N/A       N/A         5
 Simulacrum               Ice/Necr       Unusable   N/A       N/A         6
 Summon Cactus Giant      Summ           Unusable   N/A       N/A         6
 Malign Gateway           Summ/Tloc      Unusable   N/A       N/A         7
 Summon Horrible Things   Summ           Unusable   N/A       N/A         8

Dungeon Overview and Level Annotations

Branches:
Dungeon (13/15)            Temple (1/1) D:4            Lair (0/5) D:11
    Orc (0/2) D:11        Ossuary (visited)
 Vaults: D:13-14

Altars:
Ashenzari
Dithmenos
Fedhas
Gozag
Hepliaklqana
Kikubaaqudgha
Makhleb
Nemelex Xobeh
Okawaru
Qazlal
Ru
Sif Muna
Trog
Uskayaw
Wu Jian
Xom
Yredelemnul
Zin

Shops:
D:1 !   D:2 (   D:6 *   D:11 (

Annotations:
D:13 3 runed translucent doors, Qaxtaiff's ghost, journeyman GnFE


Innate Abilities, Weirdness & Mutations

You have a pair of horns on your head.
You reflexively headbutt those who attack you in melee.


Message History

You headbutt the slime creature!
The slime creature is heavily wounded.
You slash the slime creature! You burn the slime creature.
You block the slime creature's attack. The slime creature closely misses you.
You furiously retaliate!
You headbutt the slime creature! The slime creature hits you!
You hit the slime creature. You burn the slime creature.
The slime creature is severely wounded.
You hit the slime creature. You burn the slime creature.
You block the slime creature's attack.
Two slime creatures merge to form a large slime creature.
Two slime creatures merge to form an enormous slime creature.
You hit the large slime creature. You burn the large slime creature.
The large slime creature is moderately wounded.
You slash the slime creature! You burn the slime creature.
You slash the enormous slime creature! You burn the enormous slime creature.
The slime creature hits you.
You slash the slime creature! You burn the slime creature.
You headbutt the slime creature!
The slime creature is severely wounded.
You slash the large slime creature! You burn the large slime creature.
You slash the enormous slime creature! You burn the enormous slime creature.
You block the slime creature's attack.
Two slime creatures merge to form a titanic slime creature.
Two slime creatures merge to form a large slime creature.
You completely miss the large slime creature.
The large slime creature is heavily wounded.
You hit the titanic slime creature. You burn the titanic slime creature.
You slash the large slime creature! You burn the large slime creature.
A large slime creature splits.
Two slime creatures merge to form a large slime creature.
The large slime creature attacks as you move away!
The large slime creature hits you.
A large slime creature splits.
The titanic slime creature attacks as you move away!
The titanic slime creature hits you!
Two slime creatures merge to form a very large slime creature.
The titanic slime creature attacks as you move away!
The titanic slime creature hits you!!!!
Ouch! That really hurt!
You die...

#####...# #.....#
#.......#####.....##
#..................#
#....#####.........#
#....# #..........#
#....# #..........#
#...?# #...........
#....# #...........
#...@# #...######..
#...J#####...# ..
#...JJJ......#
#............#
#............#
########......
.....) ....) .....


You could see a titanic slime creature, a very large slime creature and a slime
creature.

Vanquished Creatures
  A hydra (D:11)
  Erica (D:8)
  A boulder beetle (D:13)
  2 two-headed ogres
  Urug (D:11)
  Pikel (D:3)
  2 deep elf pyromancers
  2 ugly things
  A cyclops (D:12)
  An elephant (D:11)
  Joseph (D:8)
  2 kobold demonologists (D:11)
  A troll (D:12)
  Prince Ribbit (D:6)
  A hornet (D:8)
  Sigmund (D:4)
  A shadow (D:9)
  A wyvern (D:8)
  21 yaks
  2 basilisks (D:11)
  Grum (D:8)
  A steam dragon (D:9)
  4 vampire mosquitoes (D:13)
  Menkaure (D:5)
  5 acid dragons
  3 orc warriors
  A water moccasin (D:7)
  A sky beast (D:7)
  3 ice beasts
  3 black bears
  4 wolves (D:8)
  2 centaurs
  3 ogres
  2 lemures (D:4)
  A kobold brigand (D:9)
  2 phantoms (D:5)
  5 bullfrogs
  A necrophage (D:7)
  A gnoll sergeant (D:12)
  8 scorpions
  11 killer bees
  5 electric eels (D:10)
  A jelly (D:8)
  Crazy Yiuf (D:5)
  3 hounds
  A gnoll bouda (D:8)
  7 orc priests
  6 orc wizards
  An iguana (D:5)
  6 scorpion zombies (Ossuary)
  3 mummies (Ossuary)
  20 gnolls
  4 river rats (D:5)
  11 adders
  A shadow imp (D:7)
  A white imp (D:7)
  An ufetubus (D:7)
  6 worms
  A dart slug (D:4)
  34 orcs
  8 endoplasms
  10 giant cockroaches
  4 gnoll zombies (Ossuary)
  5 goblins
  5 hobgoblins
  12 jackals
  11 kobolds
  7 quokkas
  7 ball pythons
  2 bats (D:1)
  3 frilled lizards
  A goblin zombie (Ossuary)
  2 kobold zombies (Ossuary)
  3 orc zombies (Ossuary)
  11 rats
312 creatures vanquished.

Vanquished Creatures (others)
  An orc (D:9)
  4 demonic plants (D:2)
  A fungus (D:13)
  14 plants
20 creatures vanquished.

Grand Total: 332 creatures vanquished

Notes
Turn   | Place    | Note
-------+----------+-------------------------------------------
     0 | D:1      | inmateoo the Minotaur Fighter began the quest for the Orb.
     0 | D:1      | Reached XP level 1. HP: 19/19 MP: 0/0
   199 | D:1      | Reached XP level 2. HP: 24/27 MP: 1/1
   277 | D:1      | Reached skill level 3 in Axes
   387 | D:1      | Reached XP level 3. HP: 33/33 MP: 2/2
   476 | D:1      | Found Hobb's Distillery.
   484 | D:1      | Bought a potion of heal wounds for 70 gold pieces
   536 | D:2      | Reached skill level 1 in Dodging
   585 | D:2      | Found Paopt's Weapon Shoppe.
   606 | D:2      | Found a faded altar of an unknown god.
   834 | D:2      | Reached XP level 4. HP: 33/40 MP: 3/3
  1266 | D:3      | Reached skill level 4 in Axes
  1481 | D:3      | Reached XP level 5. HP: 36/47 MP: 4/4
  1641 | D:3      | Noticed an ogre
  1651 | D:3      | Killed an ogre
  1906 | D:3      | Reached XP level 6. HP: 45/53 MP: 5/5
  1959 | D:3      | Reached skill level 5 in Axes
  2408 | D:4      | Noticed Pikel
  2433 | D:3      | Killed Pikel
  2434 | D:3      | Reached skill level 5 in Fighting
  2434 | D:3      | Reached skill level 6 in Axes
  2434 | D:3      | Reached skill level 5 in Armour
  2434 | D:3      | Reached skill level 5 in Shields
  2434 | D:3      | Reached XP level 7. HP: 35/61 MP: 6/6
  2809 | D:4      | Reached XP level 8. HP: 70/70 MP: 7/7
  2829 | D:4      | Reached skill level 7 in Axes
  2921 | D:4      | Noticed Sigmund
  2938 | D:4      | Killed Sigmund
  3328 | D:4      | Found a staircase to the Ecumenical Temple.
  3373 | Temple   | Entered the Ecumenical Temple
  3379 | Temple   | Became a worshipper of Warmaster Okawaru
  3421 | D:5      | Entered Level 5 of the Dungeon
  3752 | D:5      | Reached skill level 1 in Invocations
  3814 | D:5      | Noticed Menkaure
  3822 | D:5      | Killed Menkaure
  3823 | D:5      | Reached skill level 8 in Axes
  3932 | D:5      | Identified the +0 pair of boots "Forget-Me-Not" {rN+ Str+4
                  | Dex-4 Stlth+}
  4017 | D:5      | Reached * piety under Okawaru
  4121 | D:5      | Reached XP level 9. HP: 72/78 MP: 9/9
  4262 | D:5      | Found a runed translucent door.
  4263 | D:5      | Noticed Crazy Yiuf
  4268 | D:5      | Killed Crazy Yiuf
  4374 | D:6      | Found a broken altar of Ashenzari.
  4440 | D:6      | Reached skill level 5 in Dodging
  4469 | D:6      | Found a glowing silver altar of Zin.
  4641 | D:6      | Noticed Prince Ribbit
  4647 | D:6      | Killed Prince Ribbit
  4647 | D:6      | Reached ** piety under Okawaru
  4654 | D:6      | Reached skill level 9 in Axes
  4725 | D:6      | Identified the +7 dagger "Arphok" {antimagic, Will+}
  4952 | D:6      | Found Jenkudy's Neck Hole.
  5209 | D:7      | Found a sand-covered staircase.
  5275 | Ossuary  | Entered an ossuary
  5423 | Ossuary  | Reached *** piety under Okawaru
  5754 | D:7      | Reached XP level 10. HP: 88/88 MP: 11/11
  5896 | D:8      | Reached skill level 10 in Axes
  5936 | D:8      | Noticed Erica
  5944 | D:8      | Killed Erica
  6095 | D:8      | Reached **** piety under Okawaru
  6115 | D:8      | Noticed Grum
  6121 | D:8      | Killed Grum
  6393 | D:8      | Found a basalt altar of Yredelemnul.
  6394 | D:8      | Found an ornate altar of the Wu Jian Council.
  6395 | D:8      | Found a hide-covered altar of Uskayaw.
  6395 | D:8      | Found a hazy altar of Hepliaklqana.
  6444 | D:8      | Noticed Joseph
  6457 | D:8      | Killed Joseph
  6666 | D:8      | Paralysed by a hornet for 3 turns
  7275 | D:9      | Reached skill level 11 in Axes
  7497 | D:9      | Found a sacrificial altar of Ru.
  7676 | D:9      | Reached ***** piety under Okawaru
  7736 | D:9      | You fall into a shaft and drop 1 floor!
  7736 | D:10     | Entered Level 10 of the Dungeon
  7862 | D:10     | Reached skill level 5 in Invocations
  7869 | D:10     | Reached XP level 11. HP: 16/95 MP: 13/13
  8671 | D:10     | Found an ancient bone altar of Kikubaaqudgha.
 10198 | D:11     | Received a gift from Okawaru
 10322 | D:11     | Reached skill level 12 in Axes
 10479 | D:11     | Identified the +6 scale mail "Afrab" {Fly rElec SInv
                  | Stlth-} (Okawaru gifted it to you on level 11 of the
                  | Dungeon)
 10479 | D:11     | Received a gift from Okawaru
 10675 | D:11     | Found a staircase to the Lair.
 10711 | D:11     | Noticed Urug
 10725 | D:11     | Killed Urug
 11022 | D:11     | Noticed a two-headed ogre
 11024 | D:11     | Found a staircase to the Orcish Mines.
 11032 | D:11     | Killed a two-headed ogre
 11276 | D:11     | Noticed a five-headed hydra
 11284 | D:11     | Killed a one-headed hydra
 11353 | D:11     | Found Pimnyczoug's Weapon Shop.
 11422 | D:12     | Noticed a brown ugly thing
 11430 | D:12     | Killed a brown ugly thing
 11712 | D:12     | Noticed a two-headed ogre
 11735 | D:12     | Killed a two-headed ogre
 11736 | D:12     | Reached skill level 13 in Axes
 11736 | D:12     | Reached XP level 12. HP: 89/106 MP: 15/15
 12067 | D:13     | Noticed a boulder beetle
 12076 | D:13     | Reached skill level 10 in Fighting
 12076 | D:13     | Reached skill level 10 in Armour
 12080 | D:13     | Killed a boulder beetle
 12171 | D:13     | Found a runed translucent gate.
 12171 | D:13     | Found a runed translucent gate.
 12172 | D:13     | Found a runed translucent gate.
 12174 | D:13     | Noticed Qaxtaiff's ghost (journeyman GnFE)
 12344 | D:13     | Reached skill level 10 in Shields
 12541 | D:13     | Slain by a titanic slime creature

Illustrated notes

Levels and vault maps discovered:
D:1:      eino_arrival_cavern_a, layout_rooms, serial_shops, shop
D:2:      minmay_chambers_of_twos, layout_rooms, shapermc_ecumenical_altar_gd,
          serial_bayou, serial_bayou_ford_a, serial_bayou_shore_a,
          serial_bayou_pond_a, serial_bayou_pond_c, serial_bayou_pond_d,
          serial_bayou_lagoon_a, serial_shops, nicolae_shop_crystal,
          nicolae_underground_beach
D:3:      layout_rooms, hangedman_abyss_or_decor_stabs
D:4:      layout_loops_cross, minmay_temple_entry_poolview, uniq_sigmund,
          uniq_pikel
D:5:      layout_layer_cave, lightli_sewer_entry_pipes, uniq_crazy_yiuf_cottage,
          uniq_menkaure
D:6:      layout_cave_pods, ashenzari_conservatory_becter,
          mainiacjoe_overflow_24_doors, serial_park_tiny_pond,
          nicolae_shop_sticking_my_neck_out, uniq_prince_ribbit1
D:7:      layout_rooms, enter_ossuary_1, minmay_misc_feat_four_crosses
D:8:      layout_loops_ring, chequers_temple_overflow_statue_of_worship,
          chequers_serial_rivers_micro_d, uniq_joseph, uniq_erica, uniq_grum
D:9:      layout_long_grid, nicolae_ru_path_of_blood, library_closet
D:10:     layout_basic, pf_just_have_faith
D:11:     layout_roguey, david_lair_generic, orc_0_dummy, serial_shops,
          nicolae_shop_behind_doors, uniq_urug
D:12:     layout_cave_pools
D:13:     minmay_the_grid_triangle_9x9_recursive_3
          [minmay_the_grid_triangle_9x9_steps,
          minmay_the_grid_triangle_9x9_pentomino_pain,
          minmay_the_grid_triangle_9x9_zippers_vertical,
          minmay_the_grid_triangle_9x9_prize_special,
          minmay_the_grid_triangle_9x9_odd_lines,
          minmay_the_grid_triangle_9x9_skeleton,
          minmay_the_grid_triangle_9x9_fully_insulated_deathbox,
          minmay_the_grid_triangle_9x9_from_above,
          minmay_the_grid_triangle_9x9_longest], layout_irregular_city,
          gammafunk_ghost_nasty_kobolds
Temple:   nicolae_temple_ecumenical_triangle

Skill      XL: |  1  2  3  4  5  6  7  8  9 10 11 12 |
---------------+-------------------------------------+-----
Axes           | 3 4 6 8 9 11 13 | 13.3
Armour         | 4 5 6 7 8 9 10 | 10.1
Dodging        | 1 2 3 4 5 7 8 |  8.5
Shields        | 4 5 6 7 8 9 10 | 10.0
Fighting       | 4 5 6 7 8 9 10 | 10.1
Invocations    | 1 3 5 6 |  6.6

Action                   |  1- 3 |  4- 6 |  7- 9 | 10-12 || total
-------------------------+-------+-------+-------+-------++-------
Melee: War axe           |    79 |    98 |   246 |   311 ||   734
       Headbutt          |    10 |    20 |    39 |    65 ||   134
Invok: Heroism           |       |       |       |     2 ||     2
Evoke: Wand              |       |       |       |     8 ||     8
  Use: Scroll            |     1 |     9 |    10 |     3 ||    23
       Potion            |       |     1 |       |     3 ||     4
Armor: Scale mail        |    49 |    15 |       |    43 ||   107
       Chain mail        |       |    16 |       |       ||    16
       Plate armour      |       |    14 |   116 |   128 ||   258
Dodge: Dodged            |    52 |    22 |    74 |   107 ||   255
Block: Buckler           |    20 |     1 |       |       ||    21
       Kite shield       |       |    41 |   110 |   142 ||   293

Table legend: (Time is in decaauts)
 A = Elapsed time spent in this place.
 B = Non-inter-level travel time spent in this place.
 C = Inter-level travel time spent in this place.
 D = Time resting spent in this place.
 E = Time spent auto-exploring this place.
 F = Levels seen in this place.
 G = Mean time per level.
                   A        B        C        D        E       F      G
               +--------+--------+--------+--------+--------+-----+--------+
         Total |  12765 |  12361 |    404 |   4141 |   6045 |  15 |  851.0 |
       Dungeon |  12474 |  12070 |    404 |   4141 |   6041 |  13 |  959.5 |
        Temple |     11 |     11 |      0 |      0 |      0 |   1 |   11.0 |
       Ossuary |    279 |    279 |      0 |      0 |      4 |   1 |  279.0 |
               +--------+--------+--------+--------+--------+-----+--------+

Top non-repeatable levels by time:
    D:10: 1863 daAuts
     D:8: 1544 daAuts
    D:11: 1338 daAuts
     D:2: 1170 daAuts
     D:5: 955 daAuts
     D:3: 942 daAuts
     D:4: 892 daAuts
     D:6: 791 daAuts
     D:9: 789 daAuts
    D:12: 641 daAuts
     D:1: 534 daAuts
     D:7: 512 daAuts
    D:13: 498 daAuts
 Ossuary: 279 daAuts
  Temple: 11 daAuts
